 Dungeon Crawl Stone Soup version 0.30-a0-355-g4c39ff33d3 (webtiles) character file.

Game seed: 7509220518198104146

294 Nattfarinn the Grave Robber (level 6, -5/45 HPs)
             Began as a Ghoul Necromancer on Nov 8, 2022.
             Killed from afar by an orc wizard (11 damage)
             ... with a puff of flame
             ... on level 4 of the Dungeon.
             The game lasted 00:06:48 (3727 turns).

Nattfarinn the Grave Robber (Ghoul Necromancer)     Turns: 3727, Time: 00:06:51

Health: -5/45      AC:  3    Str: 12    XL:     6   Next: 33%
Magic:  9/9        EV: 12    Int: 12    God:
Gold:   137        SH:  0    Dex:  9    Spells: 5/10 levels left

rFire   . . .      SeeInvis .      - Unarmed
rCold   + . .      Faith    .    (no shield)
rNeg    + + +      Spirit   .    a - +0 robe
rPois   ∞          Reflect  .    (no helmet)
rElec   .          Harm     .    g - +0 cloak
rCorr   .          Rampage  .    (no gloves)
Will    .....                    (no boots)
Stlth   +.........               (no amulet)
HPRegen 0.00/turn                (no ring)
MPRegen 0.11/turn                (no ring)

@: confused, brilliant, inhibited regen, invisible
A: claws 1, cold resistance 1, negative energy resistance 3, inhibited
regeneration, torment resistance 2, devour on kill
a: no special abilities


You were on level 4 of the Dungeon.
You visited 1 branch of the dungeon, and saw 4 of its levels.

You collected 137 gold pieces.

Inventory:

Armour
 a - a +0 robe (worn)
 g - a +0 cloak (worn)
Magical Staves
 l - a staff of poison
Wands
 t - a wand of mindburst (9)
Scrolls
 d - 3 scrolls of identify {unknown}
 e - a scroll of immolation {unknown}
 f - 4 scrolls of teleportation {unknown}
 h - 3 scrolls of poison {unknown}
 m - 3 scrolls of vulnerability {unknown}
 n - 2 scrolls of magic mapping {unknown}
 p - a scroll of noise {unknown}
Potions
 b - a potion of magic
 c - 2 potions of might
 o - a potion of resistance {unknown}
 q - a potion of lignification {unknown}
 r - a potion of ambrosia {unknown}
 s - a potion of flight {unknown}


   Skills:
 - Level 1.7 Dodging
 - Level 2.1 Stealth
 * Level 3.9 Unarmed Combat
 + Level 2.9 Spellcasting
 * Level 5.6 Necromancy


You had 5 spell levels left.
You knew the following spells:

 Your Spells              Type           Power      Damage    Failure   Level
a - Necrotise             Necr           88%        1d8       2%          1
b - Vampiric Draining     Necr           22%        2d7       8%          3
c - Kiss of Death         Conj/Necr      48%        2d9       8%          1

Your spell library contained the following spells:

 Spells                   Type           Power      Damage    Failure   Level
 Animate Dead             Necr           22%        N/A       24%         4
 Dispel Undead            Necr           22%        3d12      24%         4
 Shock                    Conj/Air       8%         1d3       26%         1
 Agony                    Necr           22%        N/A       56%         5
 Confusing Touch          Hex            2%         N/A       58%         3
 Gell's Gravitas          Tloc           2%         N/A       58%         3
 Lesser Beckoning         Tloc           4%         N/A       58%         3
 Swiftness                Air            2%         N/A       58%         3
 Teleport Other           Tloc           2%         N/A       58%         3
 Airstrike                Air            1%         2d(1-17)  94%         4
 Summon Lightning Spire   Summ/Air       2%         N/A       94%         4
 Iskenderun's Battlesphe  Conj           2%         2d6       100%        5
 Summon Forest            Summ/Tloc      1%         N/A       100%        5
 Iron Shot                Conj/Erth      1%         9d1       100%        6
 Spellforged Servitor     Conj/Summ      1%         N/A       100%        7
 Summon Horrible Things   Summ           1%         N/A       100%        8


Dungeon Overview and Level Annotations

Branches:
Dungeon (4/15)
 Temple: D:4-7

Altars:


Innate Abilities, Weirdness & Mutations

You are immune to poison.
You have sharp fingernails.
Your flesh is cold resistant. (rC+)
You are immune to negative energy. (rN+++)
You do not regenerate when monsters are visible.
You are immune to unholy pain and torment.
You thrive by killing the living.


Message History

The orc closely misses you. Something hits you but does no damage.
You barely miss something. The orc hits you with a +0 whip.
You hear some strange, mumbled words.
You are confused.
Something hits you.
You miss something. Something hits you but does no damage.
You bump into the rock wall.
The orc hits you with a +0 whip. Something hits you.
Something hits you but does no damage.
You completely miss something. The orc barely misses you. Something hits you.
The orc hits you with a +0 short sword. Something hits you.
You hear some strange, mumbled words.
You are more confused.
You completely miss something. The orc hits you with a +0 whip.
You hear some strange, mumbled words.
Something tries to affect you, but you resist.
The orc hits you with a +0 short sword. Something hits you.
* * * LOW HITPOINT WARNING * * *
You are too confused!
Okay, then.
You're too confused to cast spells.
It was a potion of invisibility.
You fade into invisibility!
The orc hits you but does no damage. Something hits you.
* * * LOW HITPOINT WARNING * * *
The orc closely misses you. Something hits you.
* * * LOW HITPOINT WARNING * * *
It was a potion of berserk rage.
You feel slightly irritated. The orc closely misses you.
You hear some strange, mumbled words.
You are more confused.
The orc barely misses you.
You hear some strange, mumbled words.
Something tries to affect you, but you resist.
It was a potion of brilliance.
You feel clever all of a sudden. The orc closely misses you.
You hear some strange, mumbled words.
A puff of flame appears from out of thin air!
The puff of flame hits you!
You die...

....## #...... ..#
.....## ##### ..##
......# ###...# ....#
.....# ##.#...# ....#
.....## #.....####...#
......###.......#...##
..##...###....###o...#
#.......##.....{@o..#
#..##...#.......#{..#
#.####.....######.......
#.#####......# ..###..
........###..... ... .
...#....# ..........
..###...# ...........
...##.### #...........
...... .....


You could see 2 orcs.

Vanquished Creatures
  Sigmund (D:2)
  A necrophage (D:4)
  An adder (D:2)
  2 dart slugs
  An orc (D:4)
  3 endoplasms
  2 giant cockroaches
  5 goblins
  3 hobgoblins
  5 kobolds
  2 quokkas (D:2)
  9 ball pythons
  7 bats
  3 rats
45 creatures vanquished.

Vanquished Creatures (collateral kills)
  A dart slug (D:2)
  An endoplasm (D:1)
2 creatures vanquished.

Grand Total: 47 creatures vanquished

Notes
Turn   | Place    | Note
-------+----------+-------------------------------------------
     0 | D:1      | Nattfarinn the Ghoul Necromancer began the quest for the
                  | Orb.
     0 | D:1      | Reached XP level 1. HP: 14/14 MP: 2/2
   235 | D:1      | Reached XP level 2. HP: 4/20 MP: 0/3
   609 | D:1      | Reached skill level 1 in Unarmed Combat
  1099 | D:2      | Reached XP level 3. HP: 15/26 MP: 5/5
  1258 | D:2      | Learned a level 3 spell: Vampiric Draining
  1334 | D:2      | Noticed Sigmund
  1895 | D:2      | Found a faded altar of an unknown god.
  1905 | D:2      | Learned a level 1 spell: Kiss of Death
  2458 | D:2      | Killed Sigmund
  2459 | D:2      | Reached skill level 5 in Necromancy
  2459 | D:2      | Reached XP level 4. HP: 17/33 MP: 2/7
  2459 | D:2      | Reached XP level 5. HP: 20/38 MP: 2/8
  2929 | D:3      | Got the Guide on the Throng
  3112 | D:3      | Reached XP level 6. HP: 45/45 MP: 7/9
  3727 | D:4      | Killed from afar by an orc wizard

Illustrated notes

Levels and vault maps discovered:
D:1:      pf_arrival_petrified_forest, layout_basic, hangedman_decor_growths
D:2:      layout_loops_ring, shapermc_ecumenical_altar_totnotflames,
          uniq_sigmund
D:3:      layout_basic, corexii_shack
D:4:      layout_cave_pools, mainiacjoe_overflow_chevrons,
          minmay_temple_entry_poolview, uniq_robin

Skill      XL: |  1  2  3 |
---------------+----------+-----
Spellcasting   | 2 |  2.9
Unarmed Combat | 1 3 |  3.9
Necromancy     | 5 |  5.6
Dodging        | |  1.7
Stealth        | |  2.1

Action                   |  1- 3 |  4- 6 || total
-------------------------+-------+-------++-------
Melee: Unarmed           |    54 |    20 ||    74
       Punch             |     1 |       ||     1
 Cast: Necrotise         |    67 |    12 ||    79
       Kiss of Death     |     3 |       ||     3
Evoke: Wand              |       |     2 ||     2
  Use: Potion            |       |     3 ||     3
 Stab: Sleeping          |     1 |       ||     1
Armor: Robe              |    10 |     8 ||    18
Dodge: Dodged            |    59 |    16 ||    75

Table legend: (Time is in decaauts)
 A = Elapsed time spent in this place.
 B = Non-inter-level travel time spent in this place.
 C = Inter-level travel time spent in this place.
 D = Time resting spent in this place.
 E = Time spent auto-exploring this place.
 F = Levels seen in this place.
 G = Mean time per level.
                   A        B        C        D        E       F      G
               +--------+--------+--------+--------+--------+-----+--------+
         Total |   3724 |   3488 |    236 |    496 |   2601 |   4 |  931.0 |
       Dungeon |   3724 |   3488 |    236 |    496 |   2601 |   4 |  931.0 |
               +--------+--------+--------+--------+--------+-----+--------+

Top non-repeatable levels by time:
     D:2: 1514 daAuts
     D:1: 1037 daAuts
     D:3: 787 daAuts
     D:4: 384 daAuts
